[Event "Betsys MČR v online bleskovém šachu 2021"]
[Site "Chess.com"]
[Date "2021.04.17"]
[Round "10"]
[White "feela1"]
[Black "tondapesek"]
[Result "1/2-1/2"]
[WhiteElo "1337"]
[BlackElo "1133"]
[TimeControl "180+1"]
[EndTime "10:41:40 PDT"]
[Termination "Remíza opakováním pozice"]

1. e4 e5 2. Nf3 Nc6 3. Bc4 Bc5 4. Nc3 Nf6 5. d3 h6 6. Qe2 d6 7. h3 O-O 8. Be3 Nd4 9. Bxd4 exd4 10. Nd5 Nxd5 11. Bxd5 c6 12. Bb3 Bb4+ 13. Nd2 Bxd2+ 14. Qxd2 c5 15. O-O Be6 16. Bxe6 fxe6 17. b3 b6 18. a4 a5 19. Rae1 e5 20. f4 exf4 21. Rxf4 Rxf4 22. Qxf4 Qf6 23. Rf1 Qxf4 24. Rxf4 Rf8 25. Rxf8+ Kxf8 26. Kf2 Kf7 27. Kf3 Kf6 28. g3 g6 29. h4 Ke5 30. g4 Ke6 31. Kf4 Kf6 32. Kf3 g5 33. hxg5+ hxg5 34. Kg3 Ke5 35. Kf3 Ke6 36. Kg3 Kd7 37.
Kf3 Kc6 38. Kg3 b5 39. axb5+ Kxb5 40. Kf3 Kb4 41. e5 dxe5 42. Ke4 Kc3 43. Kf5 Kxc2 44. Kxg5 Kxb3 45. Kf5 a4 46. g5 a3 47. g6 a2 48. g7 a1=Q 49. g8=Q+ Kc3 50. Qc4+ Kd2 51. Kxe5 Qe1+ 52. Kd5 Qh1+ 53. Kxc5 Qh5+ 54. Kb4 Qe5 55. Qc2+ Ke3 56. Qe2+ Kf4 57. Qh2+ Kf5 58. Qxe5+ Kxe5 59. Kc4 Ke6 60. Kxd4 Kd6 61. Ke4 Ke6 62. d4 Kd6 63. d5 Kd7 64. Ke5 Ke7 65. d6+ Kd8 66. Kd5 Kd7 67. Ke5 Kd8 68. Ke6 Ke8 69. Kd5 Kd7 70. Ke5 Kd8 1/2-1/2

[Event "Betsys MČR v online bleskovém šachu 2021"]
[Site "Chess.com"]
[Date "2021.04.17"]
[Round "10"]
[White "Trickov"]
[Black "MilosJi"]
[Result "1-0"]
[WhiteElo "2416"]
[BlackElo "2561"]
[TimeControl "180+1"]
[EndTime "10:41:42 PDT"]
[Termination "Uživatel Trickov zvítězil na čas"]

1. d4 d5 2. Nf3 c6 3. c4 dxc4 4. e3 Be6 5. Nbd2 Nf6 6. Bxc4 Bxc4 7. Nxc4 e6 8. O-O Be7 9. Qc2 O-O 10. e4 Nbd7 11. Rd1 Nb6 12. b3 Rc8 13. Bf4 h6 14. Na5 Rb8 15. Bxb8 Qxb8 16. g3 Rd8 17. Nc4 Nbd7 18.
Rac1 Bb4 19. a3 Bf8 20. b4 a6 21. Kg2 Ne8 22. Ne3 Nc7 23. h4 Nb5 24. a4 Nd6 25.
Rb1 Rc8 26. Qd3 Nb6 27. Ra1 Rd8 28. Rdb1 Nd7 29. Qc2 Rc8 30. Nc4 Ne8 31. Nfe5 Ndf6 32. Qd3 Rd8 33. Nf3 Nc7 34. Nce5 Nce8 35. Qe2 Nd6 36. Nd2 Nde8 37. Nb3 Nd6 38. f3 Nd7 39. Nc4 Ne8 40. b5 axb5 41. axb5 c5 42. dxc5 Nxc5 43. Nxc5 Bxc5 44. Rd1 Rc8 45. Rac1 Nf6 46. e5 Nd5 47. f4 Qa7 48. Kh3 Qa4 49. Nd6 Rc7 50.
Ne4 b6 51. Nxc5 bxc5 52. Ra1 Qb3 53. Ra8+ Kh7 54. Qe4+ g6 55. Rb1 Qc3 56. b6 Rb7 57. Ra7 1-0

[Event "Betsys MČR v online bleskovém šachu 2021"]
[Site "Chess.com"]
[Date "2021.04.17"]
[Round "10"]
[White "Tlaskin"]
[Black "Tassa15"]
[Result "1-0"]
[WhiteElo "1339"]
[BlackElo "866"]
[TimeControl "180+1"]
[EndTime "10:41:45 PDT"]
[Termination "Uživatel Tlaskin zvítězil na čas"]

1. e4 d5 2. exd5 Qxd5 3. Nc3 Qd6 4. d4 c6 5. Nf3 Bg4 6. Be2 Nf6 7.
h3 Bh5 8. g4 Bg6 9. Ne5 Nbd7 10. Nxg6 hxg6 11. Be3 e6 12. Qd2 Qc7 13. O-O-O O-O-O 14. Bg5 a6 15. d5 exd5 16. Nxd5 cxd5 17. Bf3 Nb6 18. Rhe1 Bd6 19. Re3 Rhe8 20. Rc3 Nc4 21.
Qd4 Kb8 22. b3 Bc5 23. Qd3 Ne5 24. Qd2 d4 25. Rd3 Nxd3+ 26. cxd3 Bb4+ 27. Qc2 Qxc2+ 28. Kxc2 Rd5 29. Bf4+ Ka7 30. Bxd5 Nxd5 31. Be5 Rxe5 32. Kb2 Re2+ 33. Kc1 Rxf2 34. Rg1 Rf3 35. Rd1 Rxh3 36.
Rf1 f6 37. g5 Rxd3 38. gxf6 gxf6 39. Rf2 Be1 40. Rf1 Bg3 41. Rg1 Nc3 42. Rf1 Nxa2+ 43. Kb1 Nc3+ 44. Kb2 Bd6 45. Rxf6 Rd2+ 46. Kc1 Rd1+ 47.
Kc2 Ba3 48. Rxg6 Rc1+ 49. Kd3 Rd1+ 50. Kc4 Bb2 51. Rg2 Re1 52. Rxb2 Re8 53. Rh2 Rc8+ 54. Kd3 Rd8 55. Rh4 1-0

[Event "Betsys MČR v online bleskovém šachu 2021"]
[Site "Chess.com"]
[Date "2021.04.17"]
[Round "10"]
[White "MrNikdo"]
[Black "horvi1"]
[Result "0-1"]
[WhiteElo "2054"]
[BlackElo "2238"]
[TimeControl "180+1"]
[EndTime "10:41:53 PDT"]
[Termination "Uživatel horvi1 zvítězil po vzdání soupeře"]

1. e4 e6 2. d4 d5 3. Nc3 Bb4 4. e5 c5 5. a3 Ba5 6. dxc5 Bxc3+ 7. bxc3 Qc7 8. Qg4 Qxe5+ 9. Ne2 h5 10. Qd4 Nc6 11.
Qd3 Nge7 12. Bf4 Qf6 13. g3 e5 14. Bd2 Bf5 15. Qe3 Bxc2 16. Bg2 O-O-O 17. O-O Nf5 18. Qf3 e4 19. Qf4 g5 20. Qxg5 Qxg5 21. Bxg5 Rdg8 22. Bf4 Bd3 23. Bh3 Ne7 24. Nd4 Bxf1 25. Kxf1 Kd8 26.
Nxf5 Ng6 27. Bd6 h4 28. c6 bxc6 29. Bg4 hxg3 30. h3 g2+ 31. Kxg2 Nh4+ 32. Kg3 Nxf5+ 33. Kf4 Nxd6 34. Rb1 Kc7 35. Ke5 Rg5+ 36. Kf6 Rg6+ 37. Ke5 Re8+ 38. Kd4 f5 39. Bh5 Rge6 40. Bxe8 Rxe8 41.
Rg1 f4 42. Kc5 Nb7+ 43. Kd4 e3 44. Rg7+ Kb6 45. fxe3 fxe3 46. Rg1 e2 47. Re1 Nd6 48. h4 Nf5+ 49. Kd3 Ng3 50. Kd2 Kc5 51. Rg1 Ne4+ 52. Ke1 Nxc3 53. h5 d4 54. h6 d3 55.
h7 Rh8 56. Rg7 Kc4 57. Rg4+ Kb3 58. Kd2 Re8 59. Rb4+ Ka2 60. Kxc3 e1=Q+ 61. Kxd3 Qe2+ 62.
Kd4 Rd8+ 63. Kc5 Qc2+ 64. Rc4 Qf5+ 65. Kb4 Rb8+ 66. Kc3 Qf3+ 67. Kd4 Rd8+ 68. Kc5 Qd5+ 69. Kb4 Rb8+ 70. Kc3 Rb3+ 71. Kc2 Qd3+ 0-1

[Event "Betsys MČR v online bleskovém šachu 2021"]
[Site "Chess.com"]
[Date "2021.04.17"]
[Round "10"]
[White "DenryS"]
[Black "Cimrman"]
[Result "1-0"]
[WhiteElo "2199"]
[BlackElo "2327"]
[TimeControl "180+1"]
[EndTime "10:41:54 PDT"]
[Termination "Uživatel DenryS zvítězil po vzdání soupeře"]

1. d4 Nf6 2. Nf3 d5 3. Bf4 c6 4. e3 Bg4 5. c4 Bxf3 6. gxf3 e6 7. Qb3 Qb6 8. c5 Qxb3 9. a3 Qa2 10. Rxa2 Nbd7 11.
b4 a6 12. Bd3 Nh5 13. Bg3 Nxg3 14. hxg3 g6 15. Nd2 Bg7 16. f4 Ke7 17. Nb3 Kd8 18.
Kd2 Kc7 19. a4 h5 20. Na5 Nf6 21. Rha1 Ne4+ 22. Bxe4 dxe4 23. b5 axb5 24. axb5 cxb5 25. Nb3 Rxa2+ 26. Rxa2 h4 27. gxh4 Rxh4 28. Ke2 Rh1 29. Nd2 f5 30. Ra8 Rh8 31. Ra7 Kb8 32.
Ra5 Bf6 33. Rxb5 g5 34. fxg5 Bxg5 35. Rb6 Re8 36. c6 Re7 37. cxb7 Rxb7 38. Rxe6 Bd8 39. Nc4 Rb4 40. Ne5 Rb2+ 41. Kf1 Ba5 42. Nc6+ Kc7 43. Nxa5 Ra2 44. Nc4 Kd7 45. Rf6 Ra4 46. Ne5+ Ke7 47.
Rxf5 Ra1+ 48. Kg2 Ke6 49. Rf4 Ra2 50. Rxe4 Rb2 51. Rf4 Kd5 52. Kf3 Ra2 53. Ng4 Ke6 54. Rf5 Ra3 55. Re5+ Kd7 56. Ke4 Kd6 57. f4 Ra1 58. f5 Rg1 59. Nf2 Rf1 60. Nd3 Rd1 61. Nf4 Rf1 62. f6 Kd7 63. f7 1-0

[Event "Betsys MČR v online bleskovém šachu 2021"]
[Site "Chess.com"]
[Date "2021.04.17"]
[Round "10"]
[White "mysacek1414"]
[Black "Bohous13"]
[Result "0-1"]
[WhiteElo "1901"]
[BlackElo "2221"]
[TimeControl "180+1"]
[EndTime "10:41:54 PDT"]
[Termination "Uživatel Bohous13 zvítězil na čas"]

1. e4 e6 2. d3 d5 3. Qe2 dxe4 4. dxe4 c5 5. Nf3 Nc6 6. g3 Nf6 7. Bg2 Be7 8. O-O O-O 9. Rd1 Qc7 10. e5 Nd7 11. Bf4 a6 12. h4 b5 13. Nc3 Bb7 14. Ne4 Rad8 15. Nd6 Ba8 16. h5 Nb4 17. c3 Nd5 18. Bg5 Bxg5 19. Nxg5 Nxe5 20. Qxe5 Qxd6 21. Qxd6 Rxd6 22. Ne4 Rc6 23. h6 Rcc8 24. hxg7 Kxg7 25. c4 bxc4 26. Nd6 Rb8 27. Nxc4 Nf6 28. Bxa8 Rxa8 29. Rd6 Rfd8 30. Rad1 Nd5 31. Rc6 Rdc8 32. Rd6 a5 33. b3 a4 34. R6xd5 exd5 35. Nb6 axb3 36. axb3 d4 37.
Rc1 Rab8 38. Nxc8 Rxc8 39. Kf1 Kf6 40. Ke2 Ke5 41. Kd3 Kd5 42. Re1 Rb8 43. Kc2 Ra8 44.
Kb2 Ra7 45. f4 Rb7 46. Re5+ Kd6 47. Kc2 f6 48. Rh5 Rc7 49. Kd3 Rb7 50. Kc2 Re7 51. Rh6 Re2+ 52. Kd1 Re3 53. Rxf6+ Kd5 54. Rf5+ Kc6 55.
Rg5 Rxb3 56. f5 Kb5 57. f6 Rf3 58. Rf5 Rxf5 59. f7 Rxf7 0-1

[Event "Betsys MČR v online bleskovém šachu 2021"]
[Site "Chess.com"]
[Date "2021.04.17"]
[Round "10"]
[White "Saygram"]
[Black "czlolcz"]
[Result "0-1"]
[WhiteElo "2387"]
[BlackElo "2198"]
[TimeControl "180+1"]
[EndTime "10:41:56 PDT"]
[Termination "Uživatel czlolcz zvítězil po vzdání soupeře"]

1. e4 e5 2. f4 exf4 3. Nf3 Ne7 4.
d4 Ng6 5. Bc4 c6 6. Nc3 Bb4 7.
O-O Bxc3 8. bxc3 d5 9. Bd3 O-O 10. e5 Be6 11. Ne1 Qh4 12. Qf3 Bg4 13. Qf2 Qxf2+ 14.
Rxf2 Nd7 15. Bxf4 Nxf4 16. Rxf4 Be6 17. Nf3 h6 18. h4 c5 19. Bb5 Rac8 20. Bxd7 Bxd7 21.
Rb1 b6 22. Rb3 Ba4 23. Ra3 b5 24. dxc5 Rxc5 25. Nd4 Rfc8 26. Rf3 a6 27. Kf2 Re8 28. Re3 Rc4 29. g3 g6 30. Kf3 Kg7 31. e6 f5 32.
Re5 Kf6 33. Rxd5 Rec8 34. Rd6 Rxc3+ 35. Rxc3 Rxc3+ 36. Kf2 Rc8 37. Rxa6 Bxc2 38. Nxc2 Rxc2+ 39. Ke3 Rc3+ 40. Kd4 Rxg3 41. Kc5 Re3 42. Kxb5 Rxe6 43. Ra3 g5 44. h5 f4 45. Rf3 Kf5 46. a4 Re2 47. a5 g4 48. Rf1 Rb2+ 49. Kc4 Ra2 50. Kb5 f3 51. a6 Kf4 52. Rb1 g3 53.
Rb4+ Ke3 54. Ra4 Rxa4 55. Kxa4 f2 56. a7 f1=Q 57. a8=Q Qa1+ 58. Kb5 Qxa8 59. Kc5 Qe4 60. Kd6 Qf5 61. Ke7 Qxh5 62. Kf6 Qg5+ 0-1

[Event "Betsys MČR v online bleskovém šachu 2021"]
[Site "Chess.com"]
[Date "2021.04.17"]
[Round "10"]
[White "mendryxchess"]
[Black "JindrichT_CZE"]
[Result "1/2-1/2"]
[WhiteElo "1804"]
[BlackElo "2054"]
[TimeControl "180+1"]
[EndTime "10:41:58 PDT"]
[Termination "Remíza opakováním pozice"]

1. e4 e5 2. Nf3 Nc6 3. Bc4 Bc5 4.
O-O Nf6 5. Nc3 O-O 6. d3 h6 7.
Be3 Bb6 8. d4 exd4 9. Nxd4 Nxd4 10. Bxd4 Bxd4 11. Qxd4 d6 12. f4 Re8 13. Rae1 Be6 14. Bb3 Bxb3 15. axb3 Qd7 16. Rf3 Qc6 17. Rg3 Qb6 18. Qxb6 axb6 19. e5 dxe5 20. fxe5 Nd7 21.
Nd5 Rac8 22. Rf1 Re6 23. Nf6+ Nxf6 24. exf6 g6 25. Rd3 Kf8 26. Rh3 Ke8 27. Rxh6 Kd7 28. Rh7 Rf8 29. Rh4 Re2 30. Rc4 c5 31. Rf2 Rxf2 32. Kxf2 Ke6 33. Rf4 Rd8 34. Ke3 Rd1 35.
Ke2 Rb1 36. g4 Rxb2 37. Kd3 Rb1 38. h4 Rd1+ 39. Ke2 Rh1 40. g5 Ke5 41. Rc4 Kd5 42.
Rf4 Rh2+ 43. Kd3 b5 44. c4+ bxc4+ 45. bxc4+ Kc6 46. Re4 Rh3+ 47. Kc2 b5 48. cxb5+ Kxb5 49. Re7 Rxh4 50. Rxf7 Rg4 51. Rb7+ Kc6 52. f7 Rf4 53. Re7 Kd6 54. Ra7 Ke6 55. Ra5 Kd5 56. Ra7 Ke6 57. Ra5 Rxf7 58. Rxc5 Rf5 59. Rc6+ Kf7 60. Rc7+ Kg8 61. Rc8+ Kf7 62. Rc7+ Kg8 63. Rc8+ Rf8 64. Rxf8+ Kxf8 65. Kd3 Ke7 66. Ke3 Ke6 67. Ke4 Kd6 68.
Kd4 Ke6 69. Ke4 Kd6 70. Kd4 Ke6 71. Ke4 1/2-1/2

[Event "Betsys MČR v online bleskovém šachu 2021"]
[Site "Chess.com"]
[Date "2021.04.17"]
[Round "10"]
[White "Maldaj"]
[Black "karimaster100"]
[Result "0-1"]
[WhiteElo "2396"]
[BlackElo "2291"]
[TimeControl "180+1"]
[EndTime "10:42:01 PDT"]
[Termination "Uživatel karimaster100 zvítězil matem"]

1. e4 c5 2. Nf3 d6 3. d4 cxd4 4. Nxd4 Nf6 5. Nc3 a6 6. Bc4 e6 7. Bb3 Be7 8. g4 O-O 9. g5 Nfd7 10. Rg1 Nc5 11. Be3 b5 12. Qh5 g6 13. Qh6 Re8 14.
O-O-O Bf8 15. Qh4 Nxb3+ 16. axb3 b4 17. Nce2 Nd7 18. f4 Bg7 19. f5 exf5 20. Bf4 Ne5 21. exf5 Qc7 22. f6 Bf8 23. Bd2 a5 24. Nf4 Bb7 25.
Rg3 a4 26. Rh3 h5 27. Nxh5 axb3 28. Nxb3 Rec8 29. Bc3 bxc3 30. bxc3 Nf3 31. Qb4 Qxc3 32. Qxc3 Rxc3 33. Nf4 Rac8 34. Na1 Nxg5 35. Rxc3 Rxc3 36. Kb2 Rc8 37. Nb3 Ne4 38. h4 Nxf6 39. h5 Nxh5 40.
Nxh5 gxh5 41. Rg1+ Bg7+ 42. Ka3 h4 43. Rg4 h3 44.
Rh4 Bg2 45. Nd2 Rxc2 46. Nf3 Rc3+ 47. Kb4 Rxf3 48. Rg4 Rf6 49. Kc4 Rg6 50. Rh4 Bf6 51.
Rh5 Kg7 52. Kd3 Rg3+ 53. Ke2 Kg6 54. Rxh3 Bxh3 55. Kf2 Ra3 56. Kg1 d5 57. Kh2 d4 58.
Kg1 Bf5 59. Kh2 Ra2+ 60. Kg3 d3 61. Kf4 d2 62. Kg3 Ra3+ 63. Kf2 Rd3 64. Kg2 d1=Q 65. Kh2 Rh3+ 66. Kg2 Qf3+ 67. Kg1 Rh1# 0-1

[Event "Betsys MČR v online bleskovém šachu 2021"]
[Site "Chess.com"]
[Date "2021.04.17"]
[Round "10"]
[White "121pepa"]
[Black "Jacques_se_mas"]
[Result "1/2-1/2"]
[WhiteElo "1448"]
[BlackElo "1737"]
[TimeControl "180+1"]
[EndTime "10:42:06 PDT"]
[Termination "Remíza dohodou"]

1. d4 b6 2. c4 Bb7 3. Nc3 e6 4. e3 Bb4 5. Nf3 f5 6. a3 Bxc3+ 7. bxc3 Nf6 8. Be2 O-O 9. O-O Qe8 10. Qc2 d6 11. Bd2 Ne4 12. Bc1 Nd7 13. Nd2 Qg6 14. f3 Nxd2 15. Bxd2 Nf6 16. Bd3 Rf7 17. Rae1 Raf8 18.
e4 fxe4 19. fxe4 Nxe4 20. Rxf7 Qxf7 21. Rf1 Qg6 22. Rxf8+ Kxf8 23. Bf4 Qf5 24. Bg3 h5 25. Bxe4 Bxe4 26. Qf2 Qxf2+ 27. Kxf2 Bd3 28. c5 bxc5 29.
dxc5 dxc5 30. Bxc7 a6 31. Bd6+ Kf7 32. Bxc5 g6 33.
Ke3 Bc4 34. g3 Bd5 35. Bd6 Kf6 36. a4 Kf5 37. a5 Kg4 38. Kf2 Kh3 39. Kg1 g5 40.
Be7 Kg4 41. Kf2 Kf5 42. Ke3 g4 43. Bc5 Bc4 44. Bd4 e5 45. Bb6 e4 46. Bc7 Bd3 47.
Bf4 Ke6 48. Kd4 Kd7 49. c4 Kc6 50. c5 Kb5 51. Bc7 Bb1 52. Bb6 Bc2 53. Ke3 Kc6 54. Kd4 Kd7 55. Kd5 e3 56. c6+ Kc8 57. Bxe3 Ba4 58.
Bf4 Bb5 59. Kc5 Bf1 60. c7 Bb5 61. Kd6 Bd7 62. Bg5 Bb5 63. Bh4 Be2 64. Bg5 Bf1 65. Bh4 1/2-1/2

[Event "Betsys MČR v online bleskovém šachu 2021"]
[Site "Chess.com"]
[Date "2021.04.17"]
[Round "10"]
[White "xPsylocke"]
[Black "chessbeer17"]
[Result "0-1"]
[WhiteElo "2231"]
[BlackElo "2357"]
[TimeControl "180+1"]
[EndTime "10:42:13 PDT"]
[Termination "Uživatel chessbeer17 zvítězil po vzdání soupeře"]

1. e4 c6 2. d3 d5 3. Nf3 Nf6 4.
Nc3 Bg4 5. h3 Bh5 6. g4 Bg6 7. Qe2 e6 8. Bg2 Bb4 9. e5 d4 10. a3 dxc3 11. axb4 cxb2 12. Bxb2 Nd5 13. Qd2 Qb6 14. c3 Nd7 15. O-O c5 16. bxc5 Nxc5 17.
Nd4 Bxd3 18. Rfd1 Bc4 19. Ba3 O-O 20. Rab1 Qc7 21. Nb5 Bxb5 22. Rxb5 b6 23. c4 a6 24. cxd5 axb5 25. d6 Qd7 26. Bxa8 Rxa8 27. Bxc5 bxc5 28. Qc3 Rc8 29. Rb1 b4 30. Qc4 f6 31. f4 Kf7 32.
Rf1 Qc6 33. f5 Qd5 34. fxe6+ Qxe6 35. Qa6 Rd8 36. Qa7+ Rd7 37. Qxc5 b3 38. Qd4 Rb7 39. g5 f5 40. Qc3 g6 41. Rf2 Qd5 42. Rb2 Ke6 43. Kf2 Qb5 44. Qe3 Qb6 45. Qxb6 Rxb6 46. Ke3 Kxe5 47. d7 Rd6 48. d8=Q Rxd8 49. Rxb3 Rd7 50. Rb5+ Ke6 51. Rb6+ Kf7 52. Rb8 Re7+ 53. Kf4 Re4+ 54. Kg3 Re7 55. Kg2 Kg7 56. Kg3 h6 57. h4 hxg5 58. hxg5 Re4 59. Rb7+ Kf8 60. Rb8+ Kf7 61.
Rb7+ Ke8 62. Kf3 Rg4 63. Rb6 Rxg5 64. Kf4 Rg4+ 65. Ke5 Kf7 66. Rb7+ Kg8 67. Kf6 Rg1 68.
Rb8+ Kh7 69. Rb7+ Kh6 70. Rg7 f4 71. Rg8 Kh5 72. Rh8+ Kg4 73. Kxg6 f3 74. Kf6 f2 0-1

[Event "Betsys MČR v online bleskovém šachu 2021"]
[Site "Chess.com"]
[Date "2021.04.17"]
[Round "10"]
[White "marosino"]
[Black "DONSANMIGUEL"]
[Result "1-0"]
[WhiteElo "1575"]
[BlackElo "1784"]
[TimeControl "180+1"]
[EndTime "10:42:16 PDT"]
[Termination "Uživatel marosino zvítězil na čas"]

1. b3 e6 2. Bb2 Nf6 3. g3 a5 4. a4 Nc6 5. Bg2 Be7 6. e3 d6 7. d4 Bd7 8. Ne2 Qc8 9. O-O h5 10. h4 d5 11. c4 Nb4 12. c5 c6 13. Ba3 Qd8 14. Bxb4 axb4 15. Qd2 Qa5 16. Nc1 Ne4 17. Bxe4 dxe4 18. Qc2 f5 19. Ne2 g5 20. hxg5 h4 21. Kg2 h3+ 22. Kh2 Bxg5 23. Nf4 Bxf4 24. exf4 Qd8 25. Nd2 Qf6 26. Qb2 Qg6 27. Nc4 Ke7 28.
Ne5 Qh5 29. Qd2 Rhg8 30. Rg1 Rg7 31. Qxb4 Bc8 32. Qb6 Kf6 33. Qd8+ Re7 34. Qf8+ Rf7 35. Nxf7 Qxf7 36. Qxf7+ Kxf7 37. Kxh3 Bd7 38. Kg2 b6 39. cxb6 Ra5 40. Rh1 Kg6 41. b4 Ra8 42. a5 Bc8 43.
Rhc1 Bb7 44. Rc5 Ra6 45. b5 cxb5 46. Rxb5 Ra8 47. Rc5 e3+ 48. Kf1 exf2 49. Kxf2 Rd8 50. Rc4 Ba6 51. Rb4 e5 52. fxe5 Kg5 53. b7 Rb8 54. Rab1 Kg4 55. e6 Kg5 56. e7 Kf6 57. e8=Q Rxe8 58. b8=Q Re2+ 59. Kf3 Re6 60. Qf8+ Kg6 61.
Qg8+ Kf6 62. Qxe6+ Kxe6 63. Rb6+ Kd5 64. Rxa6 Kc4 65.
Rf6 Kd3 66. a6 Kc2 67. Re1 Kd2 68. Kf2 Kd3 69. Rxf5 Kd2 70. a7 Kd3 71. d5 Kc2 72. d6 Kd2 73. d7 Kc2 74. d8=Q Kb2 75. Rb5+ Kc2 76. Qc8+ 1-0

[Event "Betsys MČR v online bleskovém šachu 2021"]
[Site "Chess.com"]
[Date "2021.04.17"]
[Round "10"]
[White "KatkaZ"]
[Black "svobodan"]
[Result "1-0"]
[WhiteElo "1845"]
[BlackElo "1640"]
[TimeControl "180+1"]
[EndTime "10:42:19 PDT"]
[Termination "Uživatel KatkaZ zvítězil matem"]

1. Nf3 c5 2. g3 g6 3. Bg2 Bg7 4. d3 Nf6 5. Nbd2 Nc6 6. c3 d5 7.
O-O O-O 8. e4 dxe4 9. dxe4 Be6 10. h3 Qc7 11. Qe2 a6 12. a4 Rfd8 13. Nc4 Bxc4 14. Qxc4 Nd7 15. Bf4 Nde5 16. Qxc5 Qd6 17. Qxd6 exd6 18. Rfd1 h6 19. Nxe5 Nxe5 20. Be3 Nc4 21.
Bc1 Rac8 22. Bf1 Nb6 23. a5 Nd7 24. Rxd6 Nc5 25. Rxd8+ Rxd8 26. Be3 Nb3 27. Ra4 Nd2 28. Bg2 Nb3 29. Bf3 Nd2 30. Be2 Nb3 31. Bb6 Rd7 32.
Bf3 Nc1 33. Kg2 Nd3 34. Bd4 Ne5 35. Rb4 Nc6 36. Rc4 Bxd4 37. cxd4 Nxd4 38. Rc8+ Kg7 39.
e5 Nxf3 40. Kxf3 Re7 41. Ke4 f6 42. f4 fxe5 43. fxe5 Rd7 44. b4 Rd1 45. Rc7+ Kf8 46. Rxb7 Rg1 47. Kf4 Rf1+ 48. Kg4 Re1 49. Rb6 Rxe5 50. Rxg6 Rb5 51. Rxa6 Rxb4+ 52. Kh5 Kg7 53. Ra7+ Kh8 54. Kxh6 Kg8 55. g4 Kf8 56. g5 Rb5 57. g6 Rb3 58. g7+ Kg8 59. Ra8+ Kf7 60. g8=Q+ Kf6 61. Qxb3 Kf5 62. Qf3+ Ke6 63. Re8+ Kd7 64. Re2 Kc7 65. Qc3+ Kb7 66. Rb2+ Ka6 67. Qc4+ Ka7 68. Rb6 Ka8 69. Qc8+ Ka7 70. Qc7+ Ka8 71. Rb8# 1-0

[Event "Betsys MČR v online bleskovém šachu 2021"]
[Site "Chess.com"]
[Date "2021.04.17"]
[Round "10"]
[White "MartinHollan"]
[Black "hoacin"]
[Result "1-0"]
[WhiteElo "2618"]
[BlackElo "2587"]
[TimeControl "180+1"]
[EndTime "10:42:26 PDT"]
[Termination "Uživatel MartinHollan zvítězil na čas"]

1. e4 c5 2. Nf3 d6 3. Bb5+ Bd7 4. Bxd7+ Qxd7 5. O-O g6 6. e5 dxe5 7. Nxe5 Qc7 8. Re1 Bg7 9. Qe2 Nf6 10. Nc3 O-O 11.
d3 Nc6 12. Nxc6 Qxc6 13. Bg5 e6 14. Rab1 b5 15. Ne4 Nd7 16. c4 h6 17. Bd2 Rad8 18.
Bc3 bxc4 19. Bxg7 cxd3 20. Qxd3 Kxg7 21. Qc3+ e5 22. b4 Rc8 23. Nxc5 Nxc5 24. Qxe5+ Qf6 25. bxc5 Qxe5 26. Rxe5 Rc7 27. Rc1 Rfc8 28. Rd5 Rc6 29. g3 Ra6 30. Rc2 Rc7 31. Kg2 Ra5 32. h4 Kf6 33. h5 Ke6 34. Rcd2 Raxc5 35. Rd6+ Ke7 36.
hxg6 fxg6 37. Rxg6 R5c6 38. Rg7+ Kf6 39. Rxc7 Rxc7 40. Rd6+ Kg7 41. Ra6 h5 42. Kh3 Rc2 43. Rxa7+ Kg6 44. Kg2 Kf5 45. Ra5+ Kg6 46. a4 Rc4 47.
Ra8 h4 48. gxh4 Rxh4 49. Kf3 Rc4 50. Ke3 Rb4 51. a5 Kf7 52. Kd3 Rf4 53. Ke3 Rf5 54.
a6 Ra5 55. Kd4 Ra2 56. Kc5 Re2 57. Rd8 Rc2+ 58. Kb6 Rb2+ 59. Ka7 Ke7 60. Rb8 Rxf2 61. Rb3 Kd6 62. Kb7 Rf7+ 63. Kb6 Rf6 64. a7 Kd5+ 65. Kb7 Rf7+ 66. Ka6 Rf6+ 67. Rb6 Rf1 68.
a8=Q+ Kc5 69. Qc8+ 1-0

[Event "Betsys MČR v online bleskovém šachu 2021"]
[Site "Chess.com"]
[Date "2021.04.17"]
[Round "10"]
[White "koky_3"]
[Black "prosinec"]
[Result "1-0"]
[WhiteElo "2048"]
[BlackElo "1758"]
[TimeControl "180+1"]
[EndTime "10:42:27 PDT"]
[Termination "Uživatel koky_3 zvítězil matem"]

1. e4 d6 2. d4 Nf6 3. Nc3 c6 4. f3 e5 5. Nge2 Be7 6. Be3 O-O 7. Qd2 Nbd7 8. O-O-O Qc7 9. g4 h6 10. h4 Nh7 11. Ng3 exd4 12. Bxd4 Ne5 13. Qf2 c5 14.
Nd5 Qd8 15. Bc3 Bxh4 16. Bxe5 dxe5 17. Kb1 Bxg3 18. Qxg3 Qg5 19. Rh5 Qd8 20. Bc4 Be6 21.
Qxe5 Bxd5 22. Bxd5 Qf6 23. Qg3 Rad8 24. Rf5 Qg6 25. b3 Nf6 26. g5 Nxd5 27. Rfxd5 Rxd5 28. Rxd5 hxg5 29. Rxg5 Qh6 30. Rxc5 Rd8 31. Rg5 Rd1+ 32.
Kb2 Qf6+ 33. Qe5 Qxe5+ 34. Rxe5 Rf1 35. Rf5 g6 36. Rf6 Kg7 37. e5 Re1 38. f4 Re4 39. a4 g5 40. fxg5 Rxe5 41. Rd6 Rxg5 42. Rd7 b5 43. Rxa7 bxa4 44. Rxa4 Kg6 45. Kc3 f5 46.
Kd2 Rg2+ 47. Kd3 Rg1 48. c4 Kg5 49. Ra2 Rb1 50. Kc3 Rc1+ 51. Kd4 Re1 52. b4 Re8 53.
b5 f4 54. c5 Kg4 55. Kd5 f3 56. Rf2 Re2 57. Rf1 f2 58. b6 Kf3 59. b7 Re1 60. Rxf2+ Kxf2 61. b8=Q Rd1+ 62. Kc6 Re1 63. Qf8+ Ke2 64. Qe7+ Kd1 65. Qxe1+ Kxe1 66. Kb5 Kd2 67. c6 Kd3 68. c7 Ke3 69. c8=Q Ke4 70. Qd7 Kf4 71.
Qe6 Kf3 72. Qe5 Kf2 73. Qe4 Kf1 74. Qc2 Kg1 75. Kc4 Kh1 76. Kd4 Kg1 77. Ke3 Kf1 78. Qf2# 1-0

[Event "Betsys MČR v online bleskovém šachu 2021"]
[Site "Chess.com"]
[Date "2021.04.17"]
[Round "11"]
[White "Hroch_Hippo"]
[Black "WhiteLittleHorse"]
[Result "0-1"]
[WhiteElo "1080"]
[BlackElo "972"]
[TimeControl "180+1"]
[EndTime "10:43:47 PDT"]
[Termination "Uživatel WhiteLittleHorse zvítězil matem"]

1. e4 e5 2. Nf3 Nc6 3. Bc4 Nf6 4. Ng5 Bc5 5. Nxf7 Bxf2+ 6. Kxf2 Nxe4+ 7. Ke1 Qh4+ 8. g3 Nxg3 9. Nxh8 Nxh1+ 10. Kf1 Qf2# 0-1

[Event "Betsys MČR v online bleskovém šachu 2021"]
[Site "Chess.com"]
[Date "2021.04.17"]
[Round "11"]
[White "David_Mic"]
[Black "PremetFugas"]
[Result "1-0"]
[WhiteElo "2017"]
[BlackElo "2098"]
[TimeControl "180+1"]
[EndTime "10:45:05 PDT"]
[Termination "Uživatel David_Mic zvítězil matem"]

1. e4 g6 2. d4 Bg7 3. Nc3 d6 4. Be3 Nf6 5. Qd2 c6 6. Bh6 O-O 7. Bxg7 Kxg7 8. h4 h5 9. Be2 b5 10. a3 Nbd7 11. g4 hxg4 12. h5 gxh5 13. Qg5+ Kh7 14. Bxg4 Rg8 15. Bf5+ Kh8 16. Qh6+ Nh7 17. Qxh7# 1-0

[Event "Betsys MČR v online bleskovém šachu 2021"]
[Site "Chess.com"]
[Date "2021.04.17"]
[Round "11"]
[White "Marcus_Aurelius_CZ"]
[Black "Danyjel"]
[Result "0-1"]
[WhiteElo "1422"]
[BlackElo "1697"]
[TimeControl "180+1"]
[EndTime "10:45:17 PDT"]
[Termination "Uživatel Danyjel zvítězil po vzdání soupeře"]

1. e4 e5 2. Nf3 Nc6 3. Bc4 Bc5 4. Nc3 d6 5. d3 Nf6 6. Bg5 h6 7. Bxf6 Qxf6 8. Nd5 Qd8 9. O-O Bg4 10. h3 Bh5 11. c3 O-O 12. g4 Bg6 13. Nh4 Qxh4 14. Kg2 Bb6 15. f4 exf4 16. Rxf4 Ne5 17. Ne7+ Kh7 18. Nxg6 fxg6 19. Rxf8 Rxf8 20. d4 Qf2+ 21. Kh1 Nxc4 0-1

[Event "Betsys MČR v online bleskovém šachu 2021"]
[Site "Chess.com"]
[Date "2021.04.17"]
[Round "11"]
[White "MaTpAt113"]
[Black "NikolaKusova"]
[Result "1-0"]
[WhiteElo "903"]
[BlackElo "958"]
[TimeControl "180+1"]
[EndTime "10:45:38 PDT"]
[Termination "Uživatel MaTpAt113 zvítězil matem"]

1. e4 e5 2. Nf3 Nf6 3. Nc3 Nc6 4. d4 exd4 5. Nxd4 Bc5 6. Be3 O-O 7. Nxc6 bxc6 8.
Bxc5 Re8 9. Bc4 Nxe4 10. O-O Nxc5 11. Qh5 Ne6 12. Rfe1 Nf4 13. Qxf7+ Kh8 14. Rxe8+ Qxe8 15. Qxe8# 1-0

[Event "Betsys MČR v online bleskovém šachu 2021"]
[Site "Chess.com"]
[Date "2021.04.17"]
[Round "11"]
[White "Tah_na_g12"]
[Black "MatejKopecky13"]
[Result "0-1"]
[WhiteElo "1176"]
[BlackElo "1499"]
[TimeControl "180+1"]
[EndTime "10:45:39 PDT"]
[Termination "Uživatel MatejKopecky13 zvítězil matem"]

1. e3 e6 2. d4 Nf6 3. Bc4 d5 4. Bd3 Nbd7 5. Nf3 c5 6. dxc5 Nxc5 7. Nc3 Nxd3+ 8. Qxd3 Bb4 9. a3 Bxc3+ 10. Qxc3 Bd7 11. Bd2 Rc8 12. Qd3 Ne4 13. O-O a6 14. Ne5 Bb5 15.
Qd4 Bxf1 16. Rxf1 Rxc2 17. Bc3 Nxc3 18. bxc3 O-O 19. f4 Qh4 20. g3 Qh3 21. Nd7 Qxh2# 0-1

[Event "Betsys MČR v online bleskovém šachu 2021"]
[Site "Chess.com"]
[Date "2021.04.17"]
[Round "11"]
[White "Herracek"]
[Black "KJ327NR"]
[Result "1-0"]
[WhiteElo "2614"]
[BlackElo "2360"]
[TimeControl "180+1"]
[EndTime "10:45:43 PDT"]
[Termination "Uživatel Herracek zvítězil po vzdání soupeře"]

1. c4 Nf6 2. g3 g6 3. Bg2 Bg7 4. Nc3 O-O 5. d3 d6 6. Bg5 h6 7. Bd2 Nc6 8. Qc1 Kh7 9. h4 e5 10. h5 g5 11. Nf3 Bg4 12. Bxg5 hxg5 13. Nxg5+ Kg8 14. h6 Bh8 15. h7+ Kg7 16. Nge4 Nh5 17.
f3 f5 18. fxg4 fxe4 19. Rxh5 Qf6 20. Nxe4 1-0